 Dungeon Crawl Stone Soup version 0.19.0-24-gb05acd6 (webtiles) character file.

49 Rrauwl the Chopper (level 3, -1/30 HPs)
             Began as a Hill Orc Skald on Nov 22, 2016.
             Slain by Terence
             ... wielding a +0 falchion
              (4 damage)
             ... on level 2 of the Dungeon.
             The game lasted 00:12:13 (1517 turns).

Rrauwl the Chopper (Hill Orc Skald)                 Turns: 1517, Time: 00:12:14

Health: -1/30      AC:  4    Str: 14    XL:     3   Next: 77%
Magic:  3/5        EV: 11    Int: 13    God:
Gold:   135        SH:  0    Dex: 10    Spells: 1 memorised, 4 levels left

rFire  . . .     SeeInvis .     a - +0 hand axe
rCold  . . .     Gourm    .     b - +0 leather armour
rNeg   . . .     Faith    .     (no shield)
rPois  .         Spirit   .     (no helmet)
rElec  .         Reflect  .     (no cloak)
rCorr  .         Harm     .     (no gloves)
MR     .....                    i - +0 pair of boots
Stlth  +.........               (no amulet)
                                (no ring)
                                g - -3 ring of slaying (curse)

@: infused
A: no striking features
a: no special abilities


You were on level 2 of the Dungeon.
You were not hungry.

You visited 1 branch of the dungeon, and saw 2 of its levels.

You collected 135 gold pieces.

Inventory:

Hand Weapons
 a - a +0 hand axe (weapon)
Armour
 b - a +0 leather armour (worn)
 i - a +0 pair of boots (worn)
Jewellery
 g - a cursed -3 ring of slaying (left hand)
Scrolls
 e - a scroll of identify
Books
 c - a book of Battle

   Spells                             Type                      Level
   a - Infusion                       Charms                       1
   b - Shroud of Golubria             Charms/Translocation         2
   c - Song of Slaying                Charms                       2
   d - Spectral Weapon                Hexes/Charms                 3
   e - Regeneration                   Charms/Necromancy            3
Comestibles
 d - 2 bread rations
 h - 8 chunks of flesh


   Skills:
 - Level 2.4 Fighting
 + Level 5.3 Axes
 - Level 1.1 Armour
 - Level 0.7 Dodging
 - Level 1.5 Spellcasting
 - Level 2.6 Charms


You had 4 spell levels left.
You knew the following spells:

 Your Spells              Type           Power        Failure   Level  Hunger
a - Infusion              Chrm           #...         12%         1    ##.....


Dungeon Overview and Level Annotations

Branches:
Dungeon (2/15)

Altars:
Xom

Annotations:
D:2 Sigmund, Terence


Message History

Terence hits you but does no damage.
You hit Terence.
Terence is lightly wounded.
Terence hits you with a falchion. x2
* * * LOW HITPOINT WARNING * * *
You barely miss Terence.
Terence is lightly wounded.
Terence hits you but does no damage.
You hit Terence.
Terence is moderately wounded.
Terence hits you with a falchion.
* * * LOW HITPOINT WARNING * * *
Terence barely misses you.
You hit Terence but do no damage.
Terence is moderately wounded.
Terence barely misses you.
You hit Terence but do no damage.
Terence is moderately wounded.
Terence hits you with a falchion.
You die...

#.#..(.#.####
#.#................#
###....#.............#
.#####.##............#
....#..####..........#
.##.#................#
..#..<#.###..........#
#.###.#.# #.....@....#
.......># #.....@....#
..####### #..........#
###########..........#
.....................#
....##..^............#
....###.^_^..........#
....# #.^^^..........#
....# #..........)...#
##### ###............#


You could see Terence (berserk).

Vanquished Creatures
  An adder (D:2)
  4 dart slugs (D:1)
  A leopard gecko (D:1)
  2 bats (D:1)
  3 giant cockroaches
  5 goblins
  6 hobgoblins
  A ball python (D:2)
  2 frilled lizards (D:1)
  2 kobolds (D:1)
  3 rats (D:1)
30 creatures vanquished.

Notes
Turn   | Place    | Note
-------+----------+-------------------------------------------
     0 | D:1      | Rrauwl the Hill Orc Skald began the quest for the Orb.
     0 | D:1      | Reached XP level 1. HP: 18/18 MP: 3/3
    32 | D:1      | Reached skill level 3 in Axes
    77 | D:1      | Reached XP level 2. HP: 20/25 MP: 0/4
   199 | D:1      | Reached skill level 4 in Axes
   813 | D:1      | Reached XP level 3. HP: 29/30 MP: 5/5
  1173 | D:2      | Reached skill level 5 in Axes
  1296 | D:2      | Noticed Sigmund
  1484 | D:2      | Found a shimmering altar of Xom.
  1500 | D:2      | Noticed Terence
  1517 | D:2      | Slain by Terence

Skill      XL: |  1  2  3 |
---------------+----------+-----
Axes           | 3 4 5 |  5.3
Fighting       | |  2.4
Armour         | |  1.1
Dodging        | |  0.7
Spellcasting   | |  1.5
Charms         | |  2.6

Action                   || total
-------------------------++-------
Melee: Hand axe          ||   113
 Cast: Infusion          ||    13
  Use: Potion            ||     3
       Scroll            ||     4
  Eat: Bread ration      ||     1
       Chunk             ||     1
Armor: Leather armour    ||    31
Dodge: Dodged            ||    48
